 Dungeon Crawl Stone Soup version 0.21.0-3-g78d12a8 (webtiles) character file.

217749 Draznyth the Bludgeoner (level 18, -3/175 (176) HPs)
             Began as a Minotaur Berserker on Jan 12, 2018.
             Was a High Priest of Trog.
             Splashed by a caustic shrike's acid (4 damage)
             ... on level 2 of the Depths on Jan 15, 2018.
             The game lasted 03:23:07 (45899 turns).

Draznyth the Bludgeoner (Minotaur Berserker)       Turns: 45899, Time: 03:23:11

HP:   -3/175 (176)  AC: 25    Str: 30    XL:     18   Next: 39%
MP:   0/17          EV:  9    Int:  4    God:    Trog [*****.]
Gold: 781           SH:  0    Dex: 14    Spells: 17/17 levels left

rFire    + + +     SeeInvis +   a - +7 great mace "Firestarter" {inner flame, rF++}
rCold    + . .     Gourm    .   (shield currently unavailable)
rNeg     . . .     Faith    .   F - +4 plate armour of Aguy {Dex+4}
rPois    +         Spirit   +   e - +0 hat
rElec    +         Reflect  .   n - +0 cloak {MR+}
rCorr    +         Harm     .   O - +2 pair of gloves
MR       ++++.                  y - +2 pair of boots
Stlth    ..........             Q - amulet of guardian spirit
HPRegen  1.39/turn              C - ring of see invisible
MPRegen  0.15/turn              B - +2 ring of protection

@: resistant, corroded, berserk cooldown, regenerating, slowed, drained, very
slow
A: retaliatory headbutt, horns 2
}: 1/15 runes: gossamer
a: Berserk, Trog's Hand, Brothers in Arms, Burn Spellbooks, Renounce Religion


You were on level 2 of the Depths.
You worshipped Trog.
Trog was extremely pleased with you.
You were not hungry.

You visited 9 branches of the dungeon, and saw 33 of its levels.
You also visited: Ice Cave.

You collected 2795 gold pieces.
You spent 2014 gold pieces at shops.

Inventory:

Hand Weapons
 a - the +7 great mace "Firestarter" (weapon) {inner flame, rF++}
   (You found it on level 8 of the Dungeon)

   It has been specially enchanted to burn those struck by it, causing extra
   injury to most foes and up to half again as much damage against particularly
   susceptible opponents.
   It greatly protects you from fire.
 b - a +3 antimagic executioner's axe
 c - a +2 longbow of freezing
 d - a +2 antimagic mace
 s - a +1 vampiric whip
 z - a +1 executioner's axe of holy wrath
Missiles
 o - 473 arrows
 L - 292 bolts
Armour
 e - a +0 hat (worn)
 h - +0 storm dragon scales
 k - the +0 buckler of the Hurricane {rElec}
   (You acquired it on level 1 of the Lair of Beasts)

   It insulates you from electricity.
 l - a +4 plate armour of poison resistance
 n - a +0 cloak of magic resistance (worn)
 w - +0 fire dragon scales
 y - a +2 pair of boots (worn)
 F - the +4 plate armour of Aguy (worn) {Dex+4}
   (You bought it in a shop on level 2 of the Orcish Mines)

   It affects your dexterity (+4).
 O - a +2 pair of gloves (worn)
Jewellery
 x - an uncursed ring of protection from cold
 B - a +2 ring of protection (right hand)
 C - a ring of see invisible (left hand)
 P - an uncursed ring of resist corrosion
 Q - an amulet of guardian spirit (around neck)
Wands
 f - a wand of digging (24)
 t - a wand of polymorph (29)
 S - a wand of enslavement (17)
Scrolls
 g - 4 scrolls of magic mapping
 j - 16 scrolls of identify
 m - 2 scrolls of holy word
 q - 13 scrolls of remove curse
 r - 8 scrolls of teleportation
 v - 2 scrolls of fog
 A - a scroll of silence
 I - 2 scrolls of blinking
 U - 2 scrolls of fear
Potions
 i - a potion of cancellation
 p - 6 potions of curing
 u - a potion of brilliance
 H - 7 potions of agility
 M - 3 potions of flight
 T - 2 potions of haste
Comestibles
 X - 15 rations


   Skills:
 + Level 19.2(18.7) Fighting
 - Level 17.5(20.7) Axes
 * Level 20.5(22.1) Maces & Flails
 + Level 18.7(18.2) Armour
 - Level 2.2(1.8) Dodging


You had 17 spell levels left.
You didn't know any spells.

Dungeon Overview and Level Annotations

Branches:
Dungeon (15/15)            Temple (1/1) D:4            Lair (6/6) D:8
 Shoals (1/4) Lair:2       Spider (4/4) Lair:2        Slime (1/5) Lair:6
    Orc (2/2) D:10            Elf (1/3) Orc:2        Vaults (0/5) D:13
 Depths (2/5) D:15

Altars:
Ashenzari
Cheibriados
Dithmenos
Elyvilon
Fedhas
Gozag
Nemelex Xobeh
Okawaru
Qazlal
Ru
Trog
Uskayaw
Yredelemnul
Zin
Beogh
Lugonu

Shops:
D:4 :   D:15 (   Orc:2 [[?([   Depths:1 *!%   Depths:2 ==}

Portals:
Hell: Depths:1 Depths:2
Abyss: Depths:1
Ziggurat: Depths:2

Annotations:
D:11 Sonja
Lair:3 exclusion: 2 oklob plants


Innate Abilities, Weirdness & Mutations

You reflexively headbutt those who attack you in melee.
You have a pair of horns on your head.


Message History

The caustic shrike claws you!
* * * LOW HITPOINT WARNING * * *
You are splashed with acid!
The acid burns!
You resist.
* * * LOW HITPOINT WARNING * * *
The caustic shrike closely misses you.
You hit the caustic shrike but do no damage.
Your headbutt misses the caustic shrike.
The caustic shrike is lightly wounded.
The caustic shrike claws you.
* * * LOW HITPOINT WARNING * * *
You are splashed with acid!
The acid burns!
You resist.
* * * LOW HITPOINT WARNING * * *
The caustic shrike claws you but does no damage.
Your ogre goes berserk!
You feel somewhat more hungry.
The caustic shrike claws you but does no damage. x2
The caustic shrike claws you!!
* * * LOW HITPOINT WARNING * * *
You are splashed with acid!
The acid burns!
You resist.
You die...

,,,,,,*** ,,,,,,*,**
,≈≈,,,*,,** .≈.,,,...,*
♣♣♣♣♣ .≈§.#,#..**
#♣PP.♣♣ ..≈.###.##
#...∩.♣♣ >....#...#
###.O...P♣ ..§......#
#Ob∩.⌠.∩.♣ ..≈......###
#(#@....P♣
..§.....%#.###)#..%∩.♣♣
.≈≈....i.CO.(O.#♣.....#
.≈.........#####♣♣...##
.......O.#.# *,***####
.........###**,,,*
.......[.#,,,,,,,**
.........#,,,,,,,,*
...........,,,,,,,**


You could see a caustic shrike, an ogre mage (invisible) and a friendly ogre
(berserk).

Vanquished Creatures
  Bai Suzhen (Spider:4)
  Nikola (Spider:1)
  Arachne (Spider:2)
  2 liches (Depths:2)
  Gastronok (D:8)
  A shadow dragon (Depths:2)
  A storm dragon (Depths:2)
  An iron dragon (Depths:2)
  3 fire giants
  3 ghost moths
  Aizul (Depths:2)
  3 frost giants
  6 emperor scorpions
  An orc warlord (Orc:2)
  2 stone giants
  7 very ugly things
  2 entropy weavers
  2 vampire knights (Depths:2)
  A spark wasp (Depths:2)
  3 fire dragons
  A merfolk javelineer (Depths:1)
  2 ettins (Depths:2)
  An ogre mage (Depths:2)
  5 great orbs of eyes
  A merfolk impaler (Depths:1)
  A yaktaur captain (Depths:2)
  Erolcha (D:10)
  7 rakshasas
  5 hydras
  2 ice dragons
  Harold (Lair:1)
  A death knight (D:14)
  A merfolk avatar (Lair:6)
  A centaur warrior (D:15)
  A satyr (shapeshifter) (D:15)
  The ghost of dialectric the Basher, a journeyman GrSk of the Shining One (D:11)
  2 tengu warriors
  5 two-headed ogres
  2 deep troll shamans (Depths:2)
  2 vampire magi (Depths:1)
  8 death yaks
  4 orc high priests (Orc:2)
  A spriggan berserker (Depths:2)
  Nergalle (Lair:1)
  A sea snake (Lair:5)
  The ghost of fitz the Cleaver, a novice HOFi of Okawaru (D:6)
  3 wizards
  A flayed ghost (Depths:1)
  An obsidian statue (D:13)
  2 glowing orange brains
  A phantasmal warrior (D:14)
  12 orb spiders
  Pikel (D:6)
  A harpy (Lair:6)
  3 deep elf magi
  2 necromancers (Depths:2)
  4 cyclopes
  An orc sorcerer (Orc:2)
  15 ugly things
  A manticore (D:14)
  9 orc knights
  A moth of wrath (Spider:3)
  24 wolf spiders
  8 elephants
  3 centaur zombies
  2 black mambas
  A black mamba (shapeshifter) (Depths:1)
  Joseph (D:9)
  An ice statue (IceCv)
  14 spiny frogs
  A gargoyle (D:14)
  2 torpor snails
  A fire giant skeleton (Depths:2)
  Psyche (D:8)
  2 spriggan zombies (Depths:2)
  A torpor snail (shapeshifter) (Depths:2)
  7 rime drakes
  A kobold demonologist (D:12)
  8 komodo dragons
  2 yaktaurs (Depths:2)
  An efreet (D:13)
  2 freezing wraiths (D:14)
  20 demonic crawlers
  A tengu conjurer (Depths:2)
  A jumping spider (shapeshifter) (Depths:2)
  28 jumping spiders
  8 trolls
  22 polar bears
  2 wind drakes (Lair:5)
  7 blink frogs
  Grinder (D:3)
  3 hornets
  11 dream sheep
  Prince Ribbit (D:8)
  13 slime creatures
  14 hippogriffs
  A meliai zombie (D:14)
  58 redbacks
  A shadow (D:12)
  19 tarantellas
  A tarantella (shapeshifter) (D:15)
  6 wyverns
  3 basilisks
  A water elemental (Depths:1)
  3 wraiths
  Grum (D:11)
  A golden eye (shapeshifter) (Depths:1)
  43 yaks
  2 hungry ghosts
  2 vampire mosquitoes (Spider:1)
  Menkaure (D:7)
  2 wargs (Orc:2)
  A soldier ant (D:15)
  13 water moccasins
  A floating eye (D:14)
  15 porcupines
  34 orc warriors
  4 slaves (D:6)
  2 ice beasts
  A black bear (shapeshifter) (D:15)
  A phantom (D:9)
  A necrophage (D:10)
  9 ogres
  3 black bears
  27 wolves
  4 boggarts (D:15)
  14 centaurs
  11 crocodiles
  5 big kobolds
  3 small abominations (D:14)
  21 bullfrogs
  A wyvern skeleton (D:13)
  3 scorpions
  17 killer bees
  11 wights
  2 howler monkeys
  10 crimson imps
  2 bullfrog zombies
  3 bullfrog skeletons
  6 hounds
  10 jellies
  4 centaur skeletons
  28 orc priests
  18 orc wizards
  3 iguanas
  Natasha (thrice) (D:4)
  6 worker ants
  A hound zombie (D:5)
  A hound skeleton (D:4)
  7 gnolls
  16 adders
  5 shadow imps
  2 oozes (Lair:6)
  3 worms
  4 dart slugs
  3 leopard geckos
  65 orcs
  7 bats
  4 giant cockroaches (D:2)
  10 goblins
  16 hobgoblins
  6 jackals
  A quokka (D:4)
  A ball python (D:2)
  11 frilled lizards
  7 kobolds
  4 rats
  2 butterflies (Lair:1)
  8 fungi
  6 plants
1007 creatures vanquished.

Vanquished Creatures (collateral kills)
  A tengu warrior (Depths:2)
  An orc high priest (Orc:2)
  2 orc knights (Orc:2)
  A yak (D:8)
  A porcupine (D:8)
  An orc warrior (D:7)
  A bullfrog (D:8)
  An orc priest (D:7)
  An orc (Orc:2)
  A plant (D:8)
11 creatures vanquished.

Vanquished Creatures (others)
  A jumping spider (Spider:4)
  2 redbacks
  A killer bee (D:11)
  A giant cockroach (D:6)
  3 bushes (Lair:5)
  17 fungi
  11 plants
36 creatures vanquished.

Grand Total: 1054 creatures vanquished

Notes
Turn   | Place    | Note
-------+----------+-------------------------------------------
     0 | D:1      | Draznyth the Minotaur Berserker began the quest for the Orb.
     0 | D:1      | Reached XP level 1. HP: 19/19 MP: 0/0
    89 | D:1      | Reached XP level 2. HP: 19/27 MP: 1/1
  1048 | D:2      | Reached XP level 3. HP: 30/33 MP: 2/2
  1311 | D:2      | Reached ** piety under Trog
  1523 | D:2      | Reached XP level 4. HP: 40/40 MP: 3/3
  1737 | D:2      | Reached skill level 5 in Axes
  1982 | D:2      | Found a bloodstained altar of Trog.
  2111 | D:3      | Found a sparkling altar of Nemelex Xobeh.
  2797 | D:3      | Noticed Grinder
  2814 | D:3      | Killed Grinder
  2814 | D:3      | Reached skill level 5 in Fighting
  2814 | D:3      | Reached XP level 5. HP: 48/48 MP: 4/4
  2814 | D:3      | Reached XP level 6. HP: 56/56 MP: 5/5
  3280 | D:4      | Found Kudox's Book Emporium.
  3498 | D:4      | Reached *** piety under Trog
  3527 | D:4      | Noticed Natasha
  3537 | D:4      | Killed Natasha
  3537 | D:4      | Reached skill level 5 in Armour
  3554 | D:4      | Reached XP level 7. HP: 29/62 MP: 6/6
  3955 | D:4      | Found an iron altar of Okawaru.
  4046 | D:4      | Found a white marble altar of Elyvilon.
  4095 | D:4      | Found a staircase to the Ecumenical Temple.
  4103 | Temple   | Entered the Ecumenical Temple
  4251 | D:4      | Noticed Natasha
  4255 | D:4      | Killed Natasha
  4316 | D:4      | Noticed Natasha
  4322 | D:4      | Killed Natasha
  4380 | D:5      | Entered Level 5 of the Dungeon
  4395 | D:5      | Found a blossoming altar of Fedhas.
  4623 | D:5      | Found an opulent altar of Gozag.
  4679 | D:5      | Got a brightly glowing hat
  4839 | D:6      | Identified the -3 hat "Asus Guh" {Str+2} (You found it on level 5 of the Dungeon)
  4846 | D:6      | Noticed fitz's ghost (novice HOFi)
  5176 | D:6      | Killed fitz's ghost
  5176 | D:6      | Reached **** piety under Trog
  5176 | D:6      | Reached XP level 8. HP: 73/73 MP: 7/7
  5222 | D:6      | Noticed Pikel
  5234 | D:6      | Killed Pikel
  5234 | D:6      | Reached skill level 10 in Axes
  5395 | D:6      | Reached XP level 9. HP: 63/81 MP: 8/8
  5559 | D:6      | Found a stormy altar of Qazlal.
  5596 | D:6      | Got a jewelled chain mail
  5664 | D:6      | Found a hide-covered altar of Uskayaw.
  6032 | D:7      | Identified the cursed +0 chain mail of Dogma {SInv} (You found it on level 6 of the Dungeon)
  6850 | D:7      | Found a transporter.
  6858 | D:7      | Noticed Menkaure
  6858 | D:7      | Found a roughly hewn altar of Beogh.
  6862 | D:7      | Killed Menkaure
  6881 | D:7      | Found a transporter.
  7399 | D:8      | Found a sacrificial altar of Ru.
  7592 | D:8      | Noticed Prince Ribbit
  7609 | D:8      | Killed Prince Ribbit
  8014 | D:8      | Reached XP level 10. HP: 42/91 MP: 9/9
  8212 | D:8      | Found a staircase to the Lair.
  8237 | Lair:1   | Entered Level 1 of the Lair of Beasts
  8237 | Lair:1   | Noticed Harold
  8290 | D:8      | Noticed Gastronok
  8293 | D:8      | Noticed Psyche
  8844 | D:8      | Killed Psyche
  8909 | D:8      | Killed Gastronok
  8909 | D:8      | Reached skill level 10 in Fighting
  8909 | D:8      | Reached skill level 10 in Armour
  9022 | D:8      | Found the +7 great mace "Firestarter" {inner flame, rF++}
  9049 | D:8      | Found a shattered altar of Ashenzari.
  9358 | Lair:1   | Killed Harold
  9397 | Lair:1   | Reached XP level 11. HP: 86/101 MP: 10/10
  9715 | D:9      | Found a snail-covered altar of Cheibriados.
  9908 | D:9      | Noticed Joseph
  9917 | D:9      | Killed Joseph
 10595 | D:10     | Entered Level 10 of the Dungeon
 10606 | D:10     | Got a faintly humming chain mail
 10965 | D:7      | teleporter and loot
 11065 | D:10     | Found a staircase to the Orcish Mines.
 11079 | Orc:1    | Entered Level 1 of the Orcish Mines
 11304 | D:10     | Reached skill level 15 in Axes
 11338 | D:10     | Noticed a three-headed hydra
 11341 | D:10     | Killed a three-headed hydra
 11595 | D:10     | Identified the +1 chain mail "Dateofymn" {Dex+5} (You found it on level 10 of the Dungeon)
 11601 | D:10     | Noticed Erolcha
 11610 | D:10     | Killed Erolcha
 11897 | D:11     | Found a frozen archway.
 11906 | IceCv    | Entered an ice cave
 11997 | IceCv    | Reached XP level 12. HP: 73/112 MP: 8/11
 12153 | IceCv    | Noticed a death yak
 12160 | IceCv    | Killed a death yak
 12163 | IceCv    | Received a gift from Trog
 12515 | IceCv    | Reached ***** piety under Trog
 12729 | IceCv    | Noticed a frost giant
 12742 | IceCv    | Killed a frost giant
 13268 | D:11     | Noticed dialectric's ghost (journeyman GrSk)
 13279 | D:11     | Killed dialectric's ghost
 13507 | D:11     | Noticed Sonja
 13530 | D:11     | Noticed Grum
 13538 | D:11     | Killed Grum
 13902 | Lair:1   | Reached skill level 6 in Maces & Flails
 13902 | Lair:1   | Reached XP level 13. HP: 123/123 MP: 6/12
 13975 | Lair:1   | Noticed Nergalle
 13981 | Lair:1   | Killed Nergalle
 14013 | Lair:1   | Reached skill level 7 in Maces & Flails
 14343 | Lair:1   | Reached XP level 14. HP: 126/132 MP: 11/13
 14663 | Lair:2   | Received a gift from Trog
 14774 | Lair:2   | Found a shadowy altar of Dithmenos.
 14829 | Lair:2   | Reached skill level 8 in Maces & Flails
 14911 | Lair:2   | Found a staircase to the Shoals.
 14920 | Shoals:1 | Entered Level 1 of the Shoals
 14934 | Lair:2   | Found a hole to the Spider Nest.
 14982 | Spider:1 | Entered Level 1 of the Spider Nest
 15711 | Lair:3   | Reached skill level 9 in Maces & Flails
 16776 | Lair:4   | Found an iron altar of Okawaru.
 18255 | Lair:5   | Reached skill level 10 in Maces & Flails
 18513 | Lair:5   | You fall through a shaft!
 18513 | Lair:6   | Entered Level 6 of the Lair of Beasts
 18957 | Lair:6   | Reached skill level 11 in Maces & Flails
 18961 | Lair:6   | Reached skill level 15 in Fighting
 19642 | Lair:6   | Paralysed by a hornet for 3 turns
 19649 | Lair:6   | Paralysed by a hornet for 3 turns
 20173 | D:11     | distortion
 20258 | D:12     | Received a gift from Trog
 21175 | D:13     | Reached skill level 12 in Maces & Flails
 21328 | D:13     | Found a gate to the Vaults.
 21655 | D:13     | Reached XP level 15. HP: 98/141 MP: 10/14
 21844 | D:13     | Got a pair of warped gloves
 21847 | D:13     | here
 22003 | Lair:1   | Identified the cursed +0 pair of gloves of Cowardice {rPois rF- Regen+ Dex+2} (You found it on level 13 of the Dungeon)
 22597 | D:14     | Reached skill level 13 in Maces & Flails
 22620 | D:14     | HP: 7/141 [freezing wraith[a death knight] (3)]
 23117 | D:14     | Reached skill level 15 in Armour
 23351 | D:14     | Got a polished rapier
 24194 | D:14     | Identified the Incunabulum of Supportive Translocation
 24693 | D:15     | Entered Level 15 of the Dungeon
 25074 | D:15     | Found a staircase to the Depths.
 25082 | Depths:1 | Entered Level 1 of the Depths
 25182 | D:15     | Reached skill level 14 in Maces & Flails
 25365 | D:15     | Reached ****** piety under Trog
 25803 | D:15     | Found a glowing silver altar of Zin.
 25844 | D:15     | Found Hokkaicag's Weapon Emporium.
 26309 | Lair:1   | Identified a scroll of acquirement
 26311 | Lair:1   | Got an encrusted buckler
 26319 | Lair:1   | Identified the +0 buckler of the Hurricane {rElec} (You acquired it on level 1 of the Lair of Beasts)
 26342 | Lair:1   | Received a gift from Trog
 27755 | Lair:6   | Reached skill level 15 in Maces & Flails
 28066 | Lair:6   | Got a slimy great mace
 28222 | Lair:6   | Found a staircase to the Slime Pits.
 28233 | Slime:1  | Entered Level 1 of the Pits of Slime
 28879 | Lair:1   | Identified the +0 great mace of Havoc {flame, *Slow rC+ MR+} (You found it on level 6 of the Lair of Beasts)
 29415 | Orc:2    | Entered Level 2 of the Orcish Mines
 29707 | Orc:2    | Found Pofu's Antique Armour Emporium.
 29714 | Orc:2    | Bought a faintly humming scale mail for 279 gold pieces
 29815 | Orc:2    | Noticed an orc warlord
 29815 | Orc:2    | Received a gift from Trog
 29824 | Orc:2    | Killed an orc warlord
 29849 | Orc:2    | Reached XP level 16. HP: 82/152 MP: 9/15
 29874 | Orc:2    | Found a staircase to the Elven Halls.
 30055 | Elf:1    | Entered Level 1 of the Elven Halls
 30833 | Orc:2    | HP: 1/152 [deep troll[the player character] (26)]
 31815 | Orc:2    | Found Paubraor's Armour Shoppe.
 31819 | Orc:2    | Found Meur's Armour Shoppe.
 31820 | Orc:2    | Found Osow's Magic Scroll Shoppe.
 31821 | Orc:2    | Found Ewnietokk's Antique Weapon Emporium.
 31843 | Orc:2    | Identified the +2 scale mail of the Depths {rF+ rN+ Str-5 Stlth+} (You bought it in a shop on level 2 of the Orcish Mines)
 31867 | Orc:2    | Bought a scroll of enchant armour for 112 gold pieces
 31867 | Orc:2    | Bought a scroll of enchant weapon for 112 gold pieces
 31867 | Orc:2    | Bought a scroll of teleportation for 45 gold pieces
 31874 | Orc:2    | Bought the +4 plate armour of Aguy {Dex+4} for 876 gold pieces
 31908 | Orc:2    | Bought a scroll of teleportation for 45 gold pieces
 31908 | Orc:2    | Bought a scroll of teleportation for 45 gold pieces
 31908 | Orc:2    | Bought a scroll of fear for 52 gold pieces
 31908 | Orc:2    | Bought a scroll of fog for 30 gold pieces
 32889 | Spider:1 | Reached skill level 16 in Maces & Flails
 32891 | Spider:1 | Noticed Nikola
 32906 | Spider:1 | Killed Nikola
 33373 | Spider:2 | Received a gift from Trog
 34219 | Spider:2 | Noticed Arachne
 34254 | Spider:2 | Killed Arachne
 34924 | Spider:2 | Reached skill level 17 in Maces & Flails
 35226 | Spider:2 | Got a jewelled great mace
 37080 | Spider:4 | Entered Level 4 of the Spider Nest
 37702 | Spider:4 | Received a gift from Trog
 38248 | Lair:1   | Lost intelligence.
 38248 | Lair:1   | Identified the +9 great mace "Jaim" {crush, rElec rF- Int-4 Dex+8} (You found it on level 2 of the Spider Nest)
 38950 | Spider:4 | Noticed Bai Suzhen
 38960 | Spider:3 | Reached XP level 17. HP: 117/163 MP: 13/16
 39331 | Spider:4 | Killed Bai Suzhen
 39355 | Spider:4 | Reached skill level 18 in Maces & Flails
 39401 | Spider:4 | HP: 5/163 [cloud of flame (18)]
 40855 | Spider:4 | Received a gift from Trog
 41266 | Spider:4 | Got a gossamer rune of Zot
 42464 | Depths:1 | Found Soma Ops's Distillery.
 42472 | Depths:1 | Bought a potion of heal wounds for 65 gold pieces
 42472 | Depths:1 | Bought a potion of curing for 39 gold pieces
 42472 | Depths:1 | Bought a potion of cancellation for 104 gold pieces
 42472 | Depths:1 | Found Ifatudik's Food Emporium.
 42688 | Depths:1 | Reached skill level 19 in Maces & Flails
 42920 | Depths:1 | Bought a ration for 70 gold pieces
 42920 | Depths:1 | Bought a ration for 70 gold pieces
 42920 | Depths:1 | Bought a ration for 70 gold pieces
 43536 | Depths:1 | Found Careytz's Demolitions Depot.
 43566 | Depths:1 | Found a corrupted altar of Lugonu.
 43566 | Depths:1 | Found a one-way gate to the infinite horrors of the Abyss.
 43604 | Depths:1 | Paralysed by a great orb of eyes for 6 turns
 43758 | Depths:1 | Found a gateway to Hell.
 44301 | Depths:2 | Found a basalt altar of Yredelemnul.
 44307 | Depths:2 | Found a gateway to a ziggurat.
 44315 | Depths:2 | Found a magical portal.
 44387 | Depths:2 | Noticed Aizul
 44393 | Depths:2 | Killed Aizul
 44419 | Depths:2 | Noticed a golden dragon
 44967 | Depths:2 | Found Nomom's Gadget Boutique.
 44967 | Depths:2 | Found Uxody's Jewellery Emporium.
 44968 | Depths:2 | Found Jyrred's Jewellery Emporium.
 45023 | Depths:2 | Reached XP level 18. HP: 165/174 MP: 17/17
 45096 | Depths:2 | Reached skill level 20 in Maces & Flails
 45406 | Depths:2 | Noticed a lich
 45418 | Depths:2 | Killed a lich
 45422 | Depths:2 | Received a gift from Trog
 45656 | Depths:2 | Paralysed by a great orb of eyes for 5 turns
 45824 | Depths:2 | Noticed a caustic shrike
 45872 | Depths:2 | Noticed a lich
 45882 | Depths:2 | Noticed a Tzitzimitl
 45889 | Depths:2 | Killed a lich
 45899 | Depths:2 | HP: 1/175 [caustic shrike (20)]
 45899 | Depths:2 | Splashed by a caustic shrike's acid

Skill      XL: |  1  2  3  4  5  6  7  8  9 10 11 12 13 14 15 16 17 18 |
---------------+-------------------------------------------------------+-----
Axes           | 4 6 7 9 10 12 14 15 17 | 17.5
Fighting       | 4 5 7 9 10 12 13 14 15 16 17 18 19 | 19.2
Armour         | 3 4 5 6 7 9 10 11 13 14 16 17 18 | 18.7
Maces & Flails | 6 7 12 15 17 19 20 | 20.5
Dodging        | |  2.2

Action                   |  1- 3 |  4- 6 |  7- 9 | 10-12 | 13-15 | 16-18 || total
-------------------------+-------+-------+-------+-------+-------+-------++-------
Melee: Hand axe          |    78 |    22 |       |       |       |       ||   100
       Headbutt          |    16 |    15 |    47 |    59 |   162 |   174 ||   473
       Flail             |       |    43 |    84 |       |       |       ||   127
       Unarmed           |       |     3 |       |       |       |       ||     3
       War axe           |       |       |   137 |    48 |       |       ||   185
       Whip              |       |       |    14 |       |       |       ||    14
       Dire flail        |       |       |     7 |     2 |       |       ||     9
       Great mace        |       |       |       |   230 |   684 |   748 ||  1662
       Battleaxe         |       |       |       |       |     1 |       ||     1
 Fire: Shortbow          |       |       |     4 |    33 |       |       ||    37
       Longbow           |       |       |       |       |     5 |     8 ||    13
Invok: Berserk           |     2 |     3 |     6 |     3 |    11 |    12 ||    37
       Trog's Hand       |       |       |     3 |     6 |     5 |     9 ||    23
       Brothers in Arms  |       |       |     2 |     3 |     2 |     6 ||    13
       Burn Spellbooks   |       |       |     1 |     1 |     3 |     2 ||     7
Evoke: Wand              |       |       |       |     3 |     6 |     3 ||    12
  Use: Scroll            |       |       |    11 |    20 |    11 |     4 ||    46
       Potion            |       |       |     2 |     7 |     4 |     5 ||    18
 Stab: Invisible         |       |       |       |     1 |       |       ||     1
       Distracted        |       |       |       |       |       |     2 ||     2
  Eat: Chunk             |     4 |     9 |    10 |    10 |    20 |     5 ||    58
       Ration            |       |       |     3 |     5 |    14 |    18 ||    40
Armor: Animal skin       |    11 |     7 |     2 |       |       |       ||    20
       Plate armour      |       |       |   172 |    67 |       |   743 ||   982
       Skin              |       |       |     1 |       |       |       ||     1
       Scale mail        |       |       |       |    52 |       |       ||    52
       Chain mail        |       |       |       |   138 |   598 |    43 ||   779
Dodge: Dodged            |    47 |    34 |   130 |   247 |   428 |   397 ||  1283
